 Dungeon Crawl Stone Soup version 0.29.1-12-g30fa7ad0bf (webtiles) character file.

Game seed: 13733177738191365355

71 Descartes the Covert (level 4, 0/21 HPs)
             Began as a Felid Delver on Dec 20, 2022.
             Succumbed to a scorpion's poison
             ... on level 5 of the Dungeon.
             The game lasted 00:01:52 (276 turns).

Descartes the Covert (Felid Delver)                  Turns: 276, Time: 00:01:52

Health: 0/21       AC:  1    Str: 10    XL:     4   Next: 5%
Magic:  5/5        EV: 18    Int: 11    God:
Gold:   23         SH:  0    Dex: 17    Spells: 3/3 levels left
                                        Lives:  0   Deaths: 1

rFire   . . .      SeeInvis +     - Unarmed
rCold   . . .      Faith    .   (shield unavailable)
rNeg    . . .      Spirit   .   (body armour unavailable)
rPois   .          Reflect  .   (helmet unavailable)
rElec   .          Harm     .   (cloak unavailable)
rCorr   .          Rampage  .   (gloves unavailable)
Will    .....                   (boots unavailable)
Stlth   ++++......              (no amulet)
HPRegen 0.07/turn               (no ring)
MPRegen 0.09/turn               (no ring)

@: lethally poisoned (0 -> -7), quick
A: very small, claws 1, fangs 3, see invisible, speed 1, shaggy fur 1, stealthy
paws, no weapons or thrown items, no armour, multi-lived
a: no special abilities


You were on level 5 of the Dungeon.
You visited 1 branch of the dungeon, and saw 1 of its levels.

You collected 23 gold pieces.

Inventory:

Wands
 e - a wand of digging (6)
Scrolls
 a - a scroll of fog
 b - a scroll of magic mapping
 c - a scroll of fear
 f - a scroll of blinking {unknown}
Potions
 d - a potion of haste


   Skills:
 - Level 3.0 Fighting
 + Level 4.0 Dodging
 * Level 8.1 Stealth
 + Level 3.0 Unarmed Combat


You had 3 spell levels left.
You didn't know any spells.
Your spell library was empty.

Dungeon Overview and Level Annotations

Branches:
Dungeon (5/15)
 Temple: D:4-7

Altars:
Cheibriados


Innate Abilities, Weirdness & Mutations

You have sharp claws.
You have razor-sharp teeth.
You have supernaturally acute eyesight. (SInv)
You cover ground quickly. (Speed+)
You are covered in fur. (AC +1)
Your paws help you pounce on unaware monsters.
You are incapable of wielding weapons or throwing items.
You cannot wear armour.
You gain extra lives every three experience levels.


Message History

You scratch the orc.
You kill the orc!
Welcome back to level 4!
Things that are here:
a +0 short sword; a +0 chain mail A phantom and an orc priest come into view.
Found a twisted silver wand.
The dart slug launches a dart at you. The slug dart hits you.
The dart slug launches a dart at you. The slug dart misses you.
The dart slug launches a dart at you. The slug dart hits you.
The dart slug misses you.
You scratch the dart slug.
The dart slug is heavily wounded.
You scratch the dart slug.
The dart slug is almost dead.
The dart slug misses you.
You scratch the dart slug.
You kill the dart slug!
Your Unarmed Combat skill increases to level 3!
You scratch the scorpion.
The scorpion is moderately wounded.
The scorpion stings you!
* * * LOW HITPOINT WARNING * * *
You are lethally poisoned!
The scorpion poisons you!
You barely miss the scorpion.
The scorpion is moderately wounded.
* * * LOW HITPOINT WARNING * * *
You feel very sick. The scorpion misses you.
You scratch the scorpion.
The scorpion is heavily wounded.
* * * LOW HITPOINT WARNING * * *
You feel sick. The scorpion closely misses you.
The scorpion completely misses you.
Unknown command.
You die...

#####...####
##..........########
##........##.........
#..........##########
#..............#
#..........###.#
#......†...# #.#
#..........###.######
##..@.....###........
#.....(.........#####
#...s......####.#####
#............# #.##...
#............# #.##...
#............# #.##...
#.............# #..#...
####...........###.....
#...W/o.............


You could see a scorpion.

Vanquished Creatures
  A scorpion (D:5)
  A jelly (D:5)
  2 adders (D:5)
  A dart slug (D:5)
  An orc (D:5)
  2 jackals (D:5)
8 creatures vanquished.

Notes
Turn   | Place    | Note
-------+----------+-------------------------------------------
     0 | D:5      | Descartes the Felid Delver began the quest for the Orb.
     0 | D:5      | Reached XP level 1. HP: 10/10 MP: 2/2
    30 | D:5      | Noticed a scorpion
    37 | D:5      | Killed a scorpion
    38 | D:5      | Reached skill level 7 in Stealth
    38 | D:5      | Reached XP level 2. HP: 14/14 MP: 3/3
    38 | D:5      | Reached XP level 3. HP: 17/17 MP: 4/4
    49 | D:5      | Reached XP level 4. HP: 18/21 MP: 5/5
    99 | D:5      | Noticed an ice beast
   140 | D:5      | Noticed a scorpion
   152 | D:5      | Noticed a scorpion
   152 | D:5      | Noticed a scorpion
   155 | D:5      | Slain by a scorpion
   156 | D:5      | Reached XP level 3. HP: 0/17 MP: 4/4
   179 | D:5      | Found a snail-covered altar of Cheibriados.
   193 | D:5      | Reached skill level 8 in Stealth
   228 | D:5      | Reached XP level 4. HP: 15/21 MP: 5/5
   256 | D:5      | Noticed a phantom
   275 | D:5      | HP: 1/21 [poisoned by a scorpion]
   276 | D:5      | Succumbed to a scorpion's poison

Illustrated notes

Levels and vault maps discovered:
D:5:      layout_rooms, mainiacjoe_overflow_brackets

Skill      XL: |  1  2  3  4 |
---------------+-------------+-----
Dodging        | 3 4 |  4.0
Stealth        | 7 8 |  8.1
Unarmed Combat | 3 |  3.0
Fighting       | |  3.0

Action                   |  1- 3 |  4- 6 || total
-------------------------+-------+-------++-------
Melee: Unarmed           |    15 |     8 ||    23
 Stab: Sleeping          |     4 |     1 ||     5
Armor: Skin              |     1 |     1 ||     2
Dodge: Dodged            |    12 |     8 ||    20
